Map: [ESL] Data-C

Players

Dark - Winner!

  • Race: Zerg Zerg
  • Spawn Location: 3:00

Astrea

  • Race: Protoss Protoss
  • Spawn Location: 9:00

Event: DreamHack SC2 Masters 2022 Valencia

VOD

Have the link to the VOD?

Description

Time

  • Played on: July 2, 2022, 9:45 a.m.
  • Length: 15:23

All games in this series

Show
View Real Time Build Order
Export as new Build Order

Dark Zerg - Winner!

Build Orders: Hatch First 

Get SALT Encoding   

  12  0:00  Drone  
  13  0:13  Overlord  
  13  0:17  Drone  
  14  0:31  Drone x2  
  14  0:35  Drone  
  17  0:52  Hatchery  
  17  0:56  Drone  
  17  1:00  Drone  
  18  1:10  Extractor  
  17  1:15  Spawning Pool  
  17  1:18  Drone  
  17  1:21  Drone  
  18  1:29  Drone  
  19  1:41  Drone  
  20  1:50  Drone  
  21  2:03  Queen, Zergling x2  
  21  2:04  Queen  
  21  2:05  Zergling x2  
  27  2:10  Metabolic Boost  
  27  2:13  Overlord  
  27  2:15  Drone  
  28  2:31  Drone  
  28  2:32  Drone  
  28  2:34  Drone  
  28  2:36  Drone  
  32  2:41  Hatchery  
  31  2:48  Queen  
  33  2:52  Overlord  
  33  2:57  Drone  
  34  3:00  Drone  
  34  3:05  Drone x2  
  36  3:11  Drone  
  37  3:17  Overlord  
  37  3:18  Queen  
  39  3:20  Drone x2  
  39  3:23  Drone  
  42  3:30  Drone  
  42  3:31  Drone  
  43  3:36  Spore Crawler, Queen  
  44  3:43  Drone x2  
  44  3:48  Roach Warren  
  45  3:49  Drone  
  45  3:51  Drone x2  
  45  3:55  Queen  
  50  3:57  Drone  
  50  3:59  Drone  
  52  4:06  Overlord  
  52  4:10  Zergling x10  
  52  4:16  Overlord  
  57  4:17  Spore Crawler  
  57  4:18  Zergling x2  
  57  4:20  Overlord  
  57  4:25  Spore Crawler  
  57  4:26  Zergling x2  
  57  4:27  Zergling x2  
  58  4:33  Roach x2  
  58  4:35  Drone x3  
  58  4:38  Drone x2  
  66  4:49  Drone x4  
  68  4:54  Drone x3  
  71  5:06  Drone x8  
  77  5:12  Lair  
  77  5:13  Extractor, Drone x3  
  79  5:17  Extractor  
  79  5:18  Extractor  
  77  5:22  Drone  
  77  5:23  Drone  
  77  5:25  Extractor, Drone  
  77  5:26  Extractor  
  78  5:32  Drone x2  
  80  5:36  Overlord  
  80  5:44  Roach, Evolution Chamber  
  80  5:45  Overlord x3  
  80  5:48  Overlord  
  81  5:52  Hatchery  
  81  5:53  Drone  
  81  5:55  Drone  
  81  5:56  Drone x5  
  87  5:59  Drone  
  88  6:06  Drone x2  
  88  6:10  Zerg Melee Weapons Level 1  
  90  6:14  Hatchery  
  90  6:15  Spire, Overseer  
  90  6:17  Drone  
  90  6:18  Drone  
  90  6:22  Overseer  
  90  6:23  Roach x4  
  98  6:27  Zergling x10  
  103  6:38  Zergling x6  
  103  6:45  Overlord x2  
  103  6:50  Roach x2  
  107  6:57  Drone x7  
  113  7:04  Zergling x6  
  113  7:06  Ravager x2  
  113  7:07  Ravager  
  119  7:10  Zergling x12  
  119  7:12  Overlord, Extractor  
  119  7:13  Overlord  
  119  7:14  Overlord  
  124  7:26  Extractor  
  124  7:28  Mutalisk x2  
  124  7:29  Mutalisk x5  
  134  7:35  Mutalisk  
  134  7:36  Mutalisk  
  135  7:42  Zerg Flyer Weapons Level 1  
  133  7:47  Drone  
  133  7:49  Mutalisk x2  
  133  7:51  Zergling x16  
  146  7:58  Drone  
  147  8:11  Overlord  
  147  8:14  Hatchery  
  147  8:17  Hatchery  
  145  8:24  Drone x2  
  145  8:25  Mutalisk x6, Drone x2  
  145  8:26  Zergling x2  
  160  8:27  Overlord  
  160  8:29  Overlord  
  160  8:30  Mutalisk  
  160  8:32  Zergling x2  
  161  8:36  Mutalisk x2  
  161  8:38  Zergling x2  
  161  8:40  Overseer  
  166  8:41  Overlord  
  166  8:42  Overlord  
  166  8:44  Overlord  
  164  8:50  Mutalisk x2  
  164  8:52  Overseer  
  168  8:55  Drone x2, Unknown  
  168  8:56  Drone x4  
  168  8:58  Drone x2  
  174  9:03  Mutalisk x2  
  174  9:06  Mutalisk  
  174  9:08  Mutalisk x2  
  184  9:11  Overlord, Overseer  
  184  9:17  Mutalisk x2  
  184  9:23  Mutalisk  
  184  9:24  Mutalisk x2  
  184  9:26  Zergling x6  
  191  9:36  Zerg Flyer Weapons Level 2  
  191  9:37  Zergling x2  
  191  9:38  Zergling x14  
  199  9:42  Extractor  
  199  9:43  Extractor, Zerg Melee Weapons Level 2  
  197  9:45  Zergling x2  
  197  9:46  Zergling x2  
  178  10:00  Mutalisk  
  178  10:01  Mutalisk x4  
  178  10:02  Zergling x20  
  186  10:07  Mutalisk x2  
  186  10:08  Zergling x2  
  186  10:09  Zergling x4  
  186  10:11  Mutalisk  
  189  10:16  Mutalisk  
  189  10:18  Mutalisk  
  189  10:20  Mutalisk  
  194  10:30  Mutalisk x2  
  194  10:33  Zergling x18  
  198  10:40  Overlord x2  
  198  10:42  Overlord  
  192  10:44  Overlord  
  178  10:56  Overlord  
  163  10:58  Overlord x3  
  141  11:22  Overseer  
  136  11:29  Mutalisk x2  
  124  11:58  Extractor x2  
  118  12:08  Extractor  
  118  12:09  Overseer  
  114  12:21  Hatchery  
  109  12:50  Extractor  
  108  12:52  Extractor  
  108  12:54  Overseer x2  
  107  13:04  Hatchery  
  106  13:23  Overseer  
  106  13:53  Overseer  
  104  14:29  Drone  
  104  14:30  Drone  
  106  14:37  Hatchery  
  105  14:41  Overseer  
Show
View Real Time Build Order
Export as new Build Order

Astrea Protoss 

Build Orders: 1 Gate Expand, Zealot Archon, Archon Drop, Dark Templar Rush 

Get SALT Encoding   

  12  0:00  Probe  
  13  0:12  Probe  
  14  0:19  Pylon  
  14  0:24  Probe  
  15  0:37  Probe (Chrono Boost)  
  15  0:40  Gateway  
  16  0:46  Probe (Chrono Boost)  
  17  0:50  Assimilator  
  17  0:52  Probe  
  18  1:04  Probe  
  19  1:16  Probe  
  20  1:26  Nexus  
  20  1:30  Probe  
  21  1:39  Cybernetics Core  
  21  1:45  Assimilator  
  21  1:47  Probe  
  22  1:54  Pylon  
  22  2:00  Probe  
  23  2:12  Probe (Chrono Boost)  
  23  2:13  Adept (Chrono Boost)  
  24  2:16  Warp Gate  
  24  2:22  Probe (Chrono Boost)  
  27  2:24  Twilight Council  
  27  2:27  Probe (Chrono Boost)  
  28  2:34  Stalker (Chrono Boost)  
  30  2:38  Probe  
  30  2:40  Probe  
  32  2:50  Probe  
  33  2:52  Robotics Facility  
  33  2:55  Probe  
  34  3:02  Probe  
  35  3:07  Probe  
  36  3:14  Probe, Gateway  
  36  3:16  Dark Shrine  
  37  3:20  Probe  
  37  3:24  Adept  
  37  3:26  Probe  
  41  3:32  Probe  
  42  3:34  Pylon  
  42  3:38  Warp Prism (Chrono Boost)  
  42  3:44  Probe  
  42  3:46  Probe  
  46  3:51  Pylon  
  46  3:57  Probe  
  46  4:02  Probe  
  48  4:06  Adept  
  48  4:07  Observer  
  48  4:09  Adept  
  53  4:15  Nexus  
  53  4:17  Probe  
  53  4:18  Probe  
  53  4:23  Pylon  
  55  4:29  Dark Templar  
  55  4:30  Dark Templar  
  59  4:31  Probe  
  59  4:32  Probe  
  59  4:38  Assimilator  
  61  4:42  Assimilator  
  61  4:43  Probe  
  62  4:49  Warp Prism (Chrono Boost)  
  62  4:50  Probe  
  63  4:55  Probe  
  64  5:02  Probe  
  64  5:03  Blink, Forge  
  63  5:07  Probe  
  64  5:14  Probe  
  64  5:20  Probe (Chrono Boost)  
  66  5:22  Gateway  
  66  5:24  Gateway  
  66  5:26  Probe (Chrono Boost)  
  66  5:27  Probe (Chrono Boost)  
  68  5:30  Protoss Ground Weapons Level 1 (Chrono Boost)  
  68  5:32  Probe (Chrono Boost)  
  70  5:36  Probe (Chrono Boost)  
  70  5:37  Probe (Chrono Boost), Dark Templar  
  70  5:38  Probe (Chrono Boost)  
  70  5:41  Probe (Chrono Boost)  
  70  5:42  Probe (Chrono Boost)  
  74  5:43  Pylon  
  74  5:47  Probe  
  77  5:51  Pylon  
  77  5:53  Probe  
  77  5:54  Probe  
  79  5:59  Probe, Gateway  
  79  6:01  Gateway  
  80  6:04  Assimilator  
  80  6:05  Probe, Assimilator  
  80  6:06  Probe  
  80  6:08  Archon, Dark Templar  
  80  6:09  Dark Templar  
  86  6:11  Probe  
  86  6:14  Robotics Bay  
  86  6:15  Archon  
  87  6:19  Probe x2  
  87  6:20  Photon Cannon  
  87  6:23  Stalker  
  87  6:24  Stalker  
  93  6:29  Pylon  
  93  6:41  Stalker x2  
  97  6:51  Stalker x2  
  97  6:53  Pylon  
  101  7:01  Nexus  
  101  7:04  Stalker x4  
  109  7:11  Disruptor  
  109  7:12  Pylon  
  109  7:14  Pylon  
  113  7:30  Probe  
  113  7:34  Probe x2, Protoss Ground Weapons Level 2 (Chrono Boost)  
  113  7:36  Disruptor (Chrono Boost)  
  115  7:41  Pylon  
  115  7:42  Probe  
  115  7:43  Pylon  
  108  7:45  Photon Cannon  
  108  7:46  Probe x2  
  108  7:47  Shield Battery  
  113  7:53  Pylon  
  113  7:54  Probe  
  113  7:57  Photon Cannon  
  113  7:58  Probe x2  
  116  7:59  Pylon  
  116  8:02  Stalker x4  
  116  8:03  Stalker x2  
  128  8:06  Probe  
  128  8:07  Photon Cannon  
  128  8:10  Probe x2  
  128  8:12  Photon Cannon  
  131  8:15  Probe  
  129  8:21  Probe  
  129  8:22  Disruptor  
  132  8:32  Photon Cannon, Probe (Chrono Boost)  
  132  8:33  Pylon, Probe x3 (Chrono Boost)  
  132  8:34  Assimilator  
  136  8:36  Assimilator  
  134  8:41  Shield Battery  
  134  8:44  Probe (Chrono Boost)  
  134  8:45  Stalker x2, Probe x2 (Chrono Boost)  
  134  8:46  Stalker x3  
  146  8:50  Probe (Chrono Boost)  
  146  8:52  Probe x3 (Chrono Boost)  
  149  9:01  Gateway x2  
  149  9:10  Dark Templar x6  
  149  9:15  Archon x3  
  161  9:17  Probe  
  158  9:25  Probe x2  
  158  9:27  Photon Cannon  
  160  9:34  Gateway  
  160  9:35  Gateway  
  160  9:42  Gateway  
  160  9:43  Dark Templar x6, Gateway  
  172  9:51  Archon x3  
  150  10:12  Dark Templar  
  150  10:13  Dark Templar  
  154  10:15  Dark Templar  
  154  10:18  Archon  
  148  10:41  Probe x2  
  133  10:49  Probe  
  101  10:53  Probe  
  81  11:08  Probe x2  
  81  11:09  Probe  
  74  11:21  Probe x2  
  65  11:32  Pylon  
  61  11:51  Nexus  
  61  12:14  Assimilator  
  61  12:39  Pylon  
  61  12:50  Pylon  
  61  13:01  Pylon  
  61  13:09  Nexus  
  61  13:37  Pylon  
  59  14:11  Observer  
  59  14:43  Pylon  
  59  14:53  Pylon  
  59  15:01  Pylon  
  59  15:06  Pylon  
  59  15:10  Pylon  

Tags
 
Add a new tag
Caveats
  • Supply blocks, unpowered buildings, or Contaminate may cause inaccurate times.
  • Supply counts are checked every 10 seconds.